 Dungeon Sprint DCSS version 0.30-a0-1103-g25895a7845 (webtiles) character file.

Game seed: 1056385339763669907

138 fozzywoppz the Fighter (level 5, -1/49 HPs)
             Began as a Formicid Fighter on Apr 19, 2023.
             Was a Priest of Qazlal.
             Slain by a merfolk
             ... wielding a +0 trident
              (3 damage)
             ... in the Dungeon (Sprint V: "Ziggurat Sprint").
             The game lasted 00:03:56 (175 turns).

fozzywoppz the Fighter (Formicid Fighter)            Turns: 175, Time: 00:03:56

Health: -1/49      AC: 20    Str: 35    XL:     5   Next: 45%
Magic:  2/5        EV:  3    Int: 10    God:    Qazlal [***...]
Gold:   0          SH: 27    Dex: 17    Spells: 4/4 levels left

rFire   + . .      SeeInvis +    B - +10 dark maul {heavy}
rCold   + . .      Faith    .    k - +3 tower shield
rNeg    . . .      Spirit   .    j - +5 gold dragon scales
rPois   +          Reflect  +    (helmet unavailable)
rElec   .          Rampage  .    (no cloak)
rCorr   .                        (no gloves)
Will    +....                    (no boots) Stlth
                                 a - amulet of Haolisku {Reflect Will+ Int+3 Dex+4 SH+5 SInv}
HPRegen 0.28/turn                z - +6 ring of strength
MPRegen 0.09/turn                A - +6 ring of strength

@: mighty
A: permanent stasis, dig shafts and tunnels, antennae 3, four strong arms
a: Dig, Renounce Religion, Upheaval, Elemental Force


You were in the Dungeon.
You worshipped Qazlal.
Qazlal was most pleased with you.
You visited 1 branch

Inventory:

Hand Weapons
 B - the +10 dark maul (weapon) {heavy}
   (You found it in the Dungeon)
 C - the +7 great mace "Firestarter" {flame, immolate, rFlCloud rF++}
   (You found it in the Dungeon)

   rFlCloud:  It grants immunity to clouds of flame.
   rF:        It greatly protects you from fire.
 D - the +6 shillelagh "Devastator" {shatter}
   (You found it in the Dungeon)
Armour
 i - a +5 crystal plate armour
 j - +5 gold dragon scales (worn)
 k - a +3 tower shield (worn)
Jewellery
 a - the amulet of Haolisku (around neck) {Reflect Will+ Int+3 Dex+4 SH+5 SInv}
   (You found it in the Dungeon)

   [amulet of reflection]

   It reflects blocked missile attacks.
   Int:       It affects your intelligence (+3).
   Dex:       It affects your dexterity (+4).
   SInv:      It lets you see invisible.
   SH:        It affects your SH (+5).
   Will:      It increases your willpower.
 q - a +4 ring of protection
 u - the ring of Bedun {Fly rCorr Int+5}
   (You found it in the Dungeon)

   [ring of flight]

   Int:       It affects your intelligence (+5).
   Fly:       It grants you flight.
   rCorr:     It protects you from acid and corrosion.
 v - the ring "Oduazem" {Int+6 Stlth+}
   (You found it in the Dungeon)

   [ring of intelligence]

   Int:       It affects your intelligence (+6).
   Stlth:     It makes you more stealthy.
 w - a +6 ring of dexterity
 z - a +6 ring of strength (left hand)
 A - a +6 ring of strength (right hand)
Wands
 r - a wand of mindburst (7)
 s - a wand of iceblast (9)
 t - a wand of acid (7)
Scrolls
 b - 4 scrolls of amnesia
 c - 7 scrolls of fog
 h - 4 scrolls of blinking
 l - 5 scrolls of identify
 m - 2 scrolls of fear
Potions
 d - 5 potions of might
 e - 10 potions of curing
 f - 10 potions of heal wounds
 g - 7 potions of magic
 n - 2 potions of brilliance
 o - 2 potions of invisibility
 p - 4 potions of resistance


   Skills:
 + Level 8.1 Fighting
 + Level 7.0 Maces & Flails
 + Level 5.6 Armour
 + Level 0.0 Dodging
 + Level 6.8 Shields
 + Level 0.0 Invocations


You had 4 spell levels left.
You didn't know any spells.
Your spell library was empty.

Dungeon Overview and Level Annotations

Branches:
Dungeon (1/1)

Altars:
Ashenzari
Cheibriados
Dithmenos
Elyvilon
Fedhas
Gozag
Hepliaklqana
Kikubaaqudgha
Makhleb
Nemelex Xobeh
Okawaru
Qazlal
Ru
Sif Muna
Trog
Uskayaw
Vehumet
Wu Jian
Xom
Yredelemnul
Zin
The Shining One
Jiyva
Lugonu

Annotations:
D 1 transporter


Innate Abilities, Weirdness & Mutations

You cannot be hasted, slowed, berserked, paralysed or teleported.
You can dig through walls and to a lower floor.
You have a pair of large antennae on your head. (SInv)
Your four strong arms can wield two-handed weapons with a shield.


Message History

Okay, then.
You start resting.
HP restored.
There is a transporter here.
Welcome to arena 4.
You enter the transporter and appear at another place. 4 merfolk come into view.
A merfolk is wielding a +0 trident and quivering silver boomerangs.
The merfolk shouts! x3
The merfolk throws a boomerang.
You block the boomerang with an invisible shield... and reflect it back!
The boomerang hits the merfolk!
Found four items.
Found a transporter.
Aiming: Upheaval
Press: ? - help, Dir - move target, f - merfolk
Aim: a merfolk, wielding a +0 trident and quivering silver boomerangs A blizzard blasts the area with ice!
The blast of ice hits the merfolk!
The merfolk is lightly wounded.
The merfolk is flash-frozen.
You can no longer give life to nearby clouds.
You feel very mighty all of a sudden. You block the merfolk's attack.
The merfolk is no longer encased in ice.
You block the merfolk's attack.
The merfolk hits you from afar with a +0 trident!
The merfolk barely misses you. You block the merfolk's attack.
The merfolk hits you with a +0 trident! You block the merfolk's attack.
Unknown command.
You hammer the merfolk like a gong!!!!
You kill the merfolk!
Qazlal accepts your kill.
You can now give life to nearby clouds.
You block the merfolk's attack. x3; The merfolk hits you with a +0 trident!
* * * LOW HITPOINT WARNING * * *
The merfolk hits you but does no damage. x2
The merfolk hits you with a +0 trident!
* * * LOW HITPOINT WARNING * * *
You block the merfolk's attack.
The merfolk hits you from afar with a +0 trident.
You die...

▓.....▓.....▓..©..▓
▓..©..▓..©..▓▓▓▓▓▓▓
▓▓▓▓▓▓▓▓▓▓▓▓▓▓
▓..8©8...▓
▓..|))...▓ {{{
▓...[....▓ { {
▓........▓
▓..mm)m..▓
▓.▓..@.▓.▓
▓...©☼...▓
▓▓▓▓▓▓▓▓▓▓


{{{{ {{{ You could see 3 merfolk.

Vanquished Creatures
  A merfolk (D)
  A hell hound (D)
  2 white imps (D)
  An ufetubus (D)
  An adder zombie (D)
  An adder skeleton (D)
  2 ball pythons (D)
  A bat zombie (D)
10 creatures vanquished.

Notes
Turn   | Place    | Note
-------+----------+-------------------------------------------
     0 | D        | fozzywoppz the Formicid Fighter began the quest for the
                  | Orb.
     0 | D        | Reached XP level 1. HP: 18/18 MP: 1/1
    13 | D        | Found a blossoming altar of Fedhas.
    13 | D        | Found the +6 Majin-Bo {spellvamp, MP+6 Int+6}
    13 | D        | Found the +27 heavy crossbow "Sniper" {heavy, Acc+∞ SInv}
    13 | D        | Found the +10 dark maul {heavy}
    13 | D        | Found the +15 Maxwell's patent armour {-Cast -Tele rElec
                  | Will+ rCorr}
    13 | D        | Found the +18 shield of the Gong {Loud rN+ Will+ rCorr
                  | EV-5}
    13 | D        | Found the +16 obsidian axe {drain, demonic, Mesm Drain Fly
                  | SInv}
    13 | D        | Found the +7 great mace "Firestarter" {flame, immolate,
                  | rFlCloud rF++}
    13 | D        | Found the +6 shillelagh "Devastator" {shatter}
    13 | D        | Found the +11 plutonium sword {Contam Stlth-}
    13 | D        | Found the +8 lance "Wyrmbane" {slay drac, rPois rF+ rC+
                  | AC+3}
    13 | D        | Found the +9 sword of Zonguldrok {reap}
    13 | D        | Found the +13 scythe of Curses {drain, curses, Drain}
    13 | D        | Found the +9 sword of Power {lifebolt}
    13 | D        | Found the +7 mace of Variability {chaos, chaos arc}
    13 | D        | Found the +11 Singing Sword {sonic wave}
    13 | D        | Found the +8 storm bow {elec, penet}
    26 | D        | Found a viscous altar of Jiyva.
    26 | D        | Found a transporter.
    26 | D        | Found a hazy altar of Hepliaklqana.
    26 | D        | Found an ancient bone altar of Kikubaaqudgha.
    26 | D        | Found an opulent altar of Gozag.
    26 | D        | Found a corrupted altar of Lugonu.
    29 | D        | Found a burning altar of Makhleb.
    30 | D        | Found a sacrificial altar of Ru.
    30 | D        | Found a shimmering blue altar of Sif Muna.
    30 | D        | Found a stormy altar of Qazlal.
    30 | D        | Found a bloodstained altar of Trog.
    30 | D        | Found an iron altar of Okawaru.
    30 | D        | Found a sparkling altar of Nemelex Xobeh.
    81 | D        | Reached skill level 6 in Fighting
    81 | D        | Reached skill level 5 in Maces & Flails
    81 | D        | Reached XP level 2. HP: 29/29 MP: 2/2
    91 | D        | Became a worshipper of Qazlal Stormbringer
   103 | D        | Entered arena 2.
   103 | D        | Found a transporter.
   114 | D        | Entered arena 3.
   114 | D        | Noticed a hell hound
   114 | D        | Found a transporter.
   115 | D        | Reached * piety under Qazlal
   116 | D        | Killed a hell hound
   117 | D        | Reached skill level 7 in Fighting
   117 | D        | Reached skill level 5 in Armour
   117 | D        | Reached XP level 3. HP: 37/37 MP: 3/3
   117 | D        | Reached XP level 4. HP: 44/44 MP: 4/4
   117 | D        | Reached XP level 5. HP: 49/49 MP: 5/5
   123 | D        | Got the amulet of Haolisku {Reflect Will+ Int+3 Dex+4 SH+5
                  | SInv}
   133 | D        | Entered arena 4.
   133 | D        | Found a transporter.
   136 | D        | Reached ** piety under Qazlal
   137 | D        | Reached skill level 8 in Fighting
   140 | D        | Reached *** piety under Qazlal
   146 | D        | Got the ring of Bedun {Fly rCorr Int+5}
   148 | D        | Got the ring "Oduazem" {Int+6 Stlth+}
   170 | D        | Entered arena 5.
   170 | D        | Noticed a merfolk
   170 | D        | Noticed a merfolk
   170 | D        | Noticed a merfolk
   170 | D        | Noticed a merfolk
   170 | D        | Found a transporter.
   175 | D        | Killed a merfolk
   175 | D        | HP: 2/49 [merfolk/+0 trident (11)]
   175 | D        | Slain by a merfolk

Illustrated notes

Levels and vault maps discovered:
D:        sprint_v [room_start, room_1, room_2, room_3, room_4, room_5, room_6,
          room_7, room_8, room_9, room_10, room_11, room_12, room_13, room_14,
          room_15, room_16, room_17, room_18, room_19, room_20, room_21,
          room_22, room_23, room_24, room_25, room_26, room_27]

Skill      XL: |  1  2  3  4  5 |
---------------+----------------+-----
Fighting       | 6 7 8 |  8.1
Maces & Flails | 5 6 7 |  7.0
Armour         | 5 |  5.6
Shields        | 6 |  6.8

Action                     |  1- 3 |  4- 6 || total
---------------------------+-------+-------++-------
  Melee: Maul              |     3 |     8 ||    11
 Invoke: Upheaval          |       |     1 ||     1
Ability: Dig               |     4 |       ||     4
  Evoke: Wand              |     2 |       ||     2
    Use: Potion            |     1 |     1 ||     2
 Armour: Gold dragon scale |     6 |    19 ||    25
  Dodge: Dodged            |       |     3 ||     3
  Block: Tower shield      |     5 |    34 ||    39
         Reflection        |       |     5 ||     5

Table legend: (Time is in decaauts)
 A = Elapsed time spent in this place.
 B = Non-inter-level travel time spent in this place.
 C = Inter-level travel time spent in this place.
 D = Time resting spent in this place.
 E = Time spent auto-exploring this place.
 F = Levels seen in this place.
 G = Mean time per level.
                   A        B        C        D        E       F      G
               +--------+--------+--------+--------+--------+-----+--------+
         Total |    197 |    197 |      0 |     15 |      0 |   1 |  197.0 |
       Dungeon |    197 |    197 |      0 |     15 |      0 |   1 |  197.0 |
               +--------+--------+--------+--------+--------+-----+--------+

Top non-repeatable levels by time:
       D: 197 daAuts
